 Dungeon Crawl Stone Soup version 0.31-a0-845-g9abc20d24f (webtiles) character file.

Game seed: 5375027500536895323

51 Ethylacetat the Changeling (level 3, -2/24 HPs)
             Began as an Octopode Shapeshifter on Oct 3, 2023.
             Killed by nerve-wracking pain
             ... invoked by Jessica
              (12 damage)
             ... on level 3 of the Dungeon.
             The game lasted 00:01:24 (1690 turns).

Ethylacetat the Changeling (Octopode Shapeshifter)  Turns: 1690, Time: 00:01:24

Health: -2/24      AC:  1    Str: 13    XL:     3   Next: 83%
Magic:  3/3        EV: 14    Int: 12    God:
Gold:   97         SH:  0    Dex: 19    Spells: 2/2 levels left

rFire   . .          .
                       - Unarmed
rCold   . . .        (no shield)
rNeg    . . .        (helmet currently unavailable)
rPois   .            (no amulet)
rElec   .            h - +6 ring of dexterity
rCorr   .            (no ring)
SInv    .            (no ring)
Will    .....        (no ring)
Stlth   +++          (no ring)
HPRegen 0.24/turn    (no ring)
MPRegen 0.08/turn    (no ring)
                     (no ring)

%: no passive effects
@: beast-form
A: beast (slay +2), almost no armour, amphibious, 8 rings, camouflage 1,
gelatinous body 1, (nimble swimmer 1), tentacles
a: Begin Untransformation


You were on level 3 of the Dungeon.
You were a hulking beast.
You visited 1 branch of the dungeon, and saw 3 of its levels.

You collected 97 gold pieces.

Inventory:

Jewellery
 h - a +6 ring of dexterity (left tentacle)
 j - a ring of poison resistance
Talismans
 b - a beast talisman (active)
 c - a flux talisman
Wands
 o - a wand of polymorph (5)
Scrolls
 f - a scroll of teleportation {unknown}
 i - 3 scrolls of identify {unknown}
 k - 3 scrolls of enchant armour {unknown}
 m - a scroll of amnesia {unknown}
 n - a scroll of fear {unknown}
 r - a scroll of immolation {unknown}
Potions
 a - 2 potions of lignification
 d - a potion of curing {unknown}
 e - a potion of heal wounds {unknown}
 g - a potion of berserk rage {unknown}
 l - 2 potions of degeneration {unknown}
 p - a potion of magic {unknown}
 q - a potion of brilliance {unknown}


   Skills:
 + Level 1.6 Fighting
 + Level 2.5 Dodging
 + Level 3.4 Unarmed Combat
 * Level 3.6 Shapeshifting


You had 2 spell levels left.
You didn't know any spells.
Your spell library contained the following spells:

 Spells                   Type           Power      Damage    Failure   Level
 Sandblast                Erth           0%         2d4       32%         1
 Passwall                 Tmut/Erth      0%         N/A       45%         2
 Stone Arrow              Conj/Erth      0%         3d7       69%         3
 Brom's Barrelling Bould  Conj/Erth      0%         2d3       97%         4


Dungeon Overview and Level Annotations

Branches:
Dungeon (3/15)

Altars:

Annotations:
D:3 Jessica


Innate Abilities, Weirdness & Mutations

You are a hulking beast.
Your limbs bulge with bestial killing power. (Slay +2)
You cannot wear most types of armour.
You are amphibious.
You can wear up to eight rings at the same time.
Your skin changes colour to match your surroundings (Stealth+).
Your rubbery body absorbs attacks. (AC +1, EV +1)
((You are camouflaged when in or above water. (Stealth+)))
You have tentacles for arms and can constrict up to eight enemies at once.


Message History

You tentacle-slap the frilled lizard. Your grab misses the frilled lizard.
The frilled lizard is heavily wounded.
The frilled lizard closely misses you.
A frilled lizard is nearby!
You barely miss the frilled lizard. Your grab misses the frilled lizard.
The frilled lizard is heavily wounded.
The frilled lizard barely misses you.
A frilled lizard is nearby!
You barely miss the frilled lizard. Your grab misses the frilled lizard.
The frilled lizard is heavily wounded.
The frilled lizard barely misses you.
A frilled lizard is nearby!
You tentacle-slap the frilled lizard.
You kill the frilled lizard!
p - a murky black potion No target in view!
Key pressed, stopping explore.
No target in view!
No target in view!
q - a viscous silvery potion No target in view!
r - a scroll labelled KOTYMU FIDE No target in view!
You open the door.
Found 6 stones.
There is an open door here.
No target in view!
Jessica the Apprentice Sorceress comes into view.
She is wielding a +0 dagger.
Jessica is nearby!
Jessica casts a spell at you. Pain shoots through your body!
Ouch! That really hurt!
Jessica is nearby!
You are too injured to fight recklessly!
You are too injured to fight recklessly!
You are too injured to fight recklessly!
Jessica gestures at you while chanting. Pain shoots through your body!
Ouch! That really hurt!
You die...

#....# #...†#.#♣
#####'### #....#.#
#.......#####.#.#.#
#..........##.#.#.#
#.......##.##.#.#
#.......##.##.#.#
#.......##....#.#
#.......#######
#.(....h# #.......#
#......@.
#.........
######..... #......
#.....^. #........


You could see Jessica.

Vanquished Creatures
  A dart slug (D:1)
  An orc (D:3)
  5 ball pythons
  2 bats (D:1)
  6 endoplasms
  5 goblins
  4 hobgoblins
  4 jackals (D:1)
  2 quokkas
  5 frilled lizards
  3 kobolds
  4 rats
42 creatures vanquished.

Notes
Turn   | Place    | Note
-------+----------+-------------------------------------------
     0 | D:1      | Ethylacetat the Octopode Shapeshifter began the quest for
                  | the Orb.
     0 | D:1      | Reached XP level 1. HP: 13/13 MP: 1/1
   323 | D:1      | Reached XP level 2. HP: 17/18 MP: 2/2
   410 | D:1      | Reached XP level 3. HP: 22/23 MP: 3/3
  1686 | D:3      | Noticed Jessica
  1690 | D:3      | Killed from afar by Jessica

Illustrated notes

Levels and vault maps discovered:
D:1:      enne_arrival_octagon_isle, layout_basic
D:2:      layout_loops_ring
D:3:      kb_forest_paths, layout_basic, mainiacjoe_overflow_alcove_1,
          uniq_jessica

Action                     || total
---------------------------++-------
  Melee: Unarmed           ||    63
         Constrict         ||    14
         Tentacles         ||    13
         Punch             ||     1
   Stab: Sleeping          ||     6
 Armour: Skin              ||    16
  Dodge: Dodged            ||    39

Table legend: (Time is in decaauts)
 A = Elapsed time spent in this place.
 B = Non-inter-level travel time spent in this place.
 C = Inter-level travel time spent in this place.
 D = Time resting spent in this place.
 E = Time spent auto-exploring this place.
 F = Levels seen in this place.
 G = Mean time per level.
                   A        B        C        D        E       F      G
               +--------+--------+--------+--------+--------+-----+--------+
         Total |   1685 |   1617 |     68 |      0 |   1373 |   3 |  561.7 |
       Dungeon |   1685 |   1617 |     68 |      0 |   1373 |   3 |  561.7 |
               +--------+--------+--------+--------+--------+-----+--------+

Top non-repeatable levels by time:
     D:1: 948 daAuts
     D:2: 607 daAuts
     D:3: 129 daAuts
